 Dungeon Crawl Stone Soup version 0.26.1-11-gd32895ea62 (console) character file.

Game seed: 8712321507529275039

449 erker the Changer (level 7, 0/43 HPs)
             Began as an Octopode Transmuter on June 23, 2021.
             Was a Follower of Cheibriados.
             Slain by a shadow imp (1 damage)
             ... on level 5 of the Dungeon.
             The game lasted 00:20:04 (5078 turns).

erker the Changer (Octopode Transmuter)             Turns: 5078, Time: 00:20:05

Health: 0/43       AC:  1    Str: 11 (13) XL:     7   Next: 4%
Magic:  1/10       EV: 13    Int: 17 (20) God:    Cheibriados [*.....]
Gold:   212        SH:  0    Dex: 12 (15) Spells: 6/11 levels left

rFire    . . .     SeeInvis +     - Unarmed
rCold    . . .     Faith    .   (no shield)
rNeg     . . .     Spirit   .   (helmet restricted)
rPois    .         Reflect  .   p - amulet of the acrobat
rElec    .         Harm     .   m - ring of see invisible
rCorr    .         Rampage  .   o - ring of stealth
Will     .....                  (no ring)
Stlth    ++++......             (no ring)
HPRegen  0.14/turn              (no ring)
MPRegen  0.12/turn              (no ring)
                                (no ring)
                                (no ring)

@: very slightly contaminated, invisible, very slow
A: almost no armour, stealthy swim, amphibious, 8 rings, constrict 8, camouflage
1, gelatinous body 1
a: Renounce Religion, Bend Time


You were on level 5 of the Dungeon.
You worshipped Cheibriados.
Cheibriados was aware of your devotion.
You visited 1 branch of the dungeon, and saw 5 of its levels.

You collected 212 gold pieces.

Inventory:

Missiles
 d - 33 poisoned darts (quivered)
 n - 5 curare-tipped darts
Jewellery
 m - a ring of see invisible (left tentacle)
 o - a ring of stealth (right tentacle)
 p - an amulet of the acrobat (around mantle)
 r - an uncursed ring of magical power {unknown}
Scrolls
 a - a scroll of fear {unknown}
 c - a scroll of amnesia {unknown}
 f - 5 scrolls of teleportation {unknown}
 g - 3 scrolls of remove curse {unknown}
 h - 2 scrolls of immolation {unknown}
 j - 5 scrolls of identify {unknown}
 k - a scroll of magic mapping {unknown}
 q - a scroll of enchant weapon {unknown}
Potions
 e - a potion of brilliance {unknown}
 i - a potion of haste {unknown}
 l - 2 potions of invisibility


   Skills:
 - Level 1.0 Fighting
 - Level 0.3 Throwing
 - Level 2.2 Dodging
 + Level 3.7 Stealth
 - Level 4.0 Unarmed Combat
 - Level 2.5 Spellcasting
 + Level 4.3 Transmutations
 + Level 3.4 Ice Magic


You had 6 spell levels left.
You knew the following spells:

 Your Spells              Type           Power        Failure   Level
a - Beastly Appendage     Tmut           32%          3%          1
y - Ice Form              Ice/Tmut       15%          36%         4

Your spell library contained the following spells:

 Spells                   Type           Power        Failure   Level
 Wereblood                Tmut           16%          4%          2
 Spider Form              Tmut/Pois      4%           22%         3
 Blade Hands              Tmut           8%           65%         5


Dungeon Overview and Level Annotations

Branches:
Dungeon (5/15)
 Temple: D:4-7

Altars:
Ashenzari
Cheibriados
Elyvilon
Kikubaaqudgha
Trog
Vehumet
Xom

Shops:
D:4 (:

Annotations:
D:5 exclusions: black bear and ogre


Innate Abilities, Weirdness & Mutations

You cannot wear most types of armour.
You are very stealthy in the water. (Stealth+)
You are amphibious.
You can wear up to eight rings at the same time.
You can use your tentacles to constrict eight enemies at once.
Your skin changes colour to match your surroundings (Stealth+).
Your rubbery body absorbs attacks. (AC +1, EV +1)


Message History

The centaur is lightly wounded.
The centaur hits you.
* * * LOW HITPOINT WARNING * * *
The shadow imp barely misses you. The centaur hits you.
* * * LOW HITPOINT WARNING * * *
The flow of time bends around you.
The centaur resists with some effort.
Cheibriados rebukes the shadow imp.
The shadow imp seems to slow down.
The centaur hits you.
* * * LOW HITPOINT WARNING * * *
The shadow imp hits you.
* * * LOW HITPOINT WARNING * * *
It was a potion of invisibility.
You fade into invisibility!
The centaur barely misses you. x2
It was a potion of degeneration.
There was something very wrong with that liquid.
You feel weakened.
You feel dopey.
You feel clumsy.
The shadow imp shouts, "Give up, thou cockered weather-bitten deadneck!"
The shadow imp hits you.
You die...

#..... #...#####
#..... ....$..[#
#..... # .......##
##..... ..
#......#### #....##
#.##.........##
#..[...
..............#
#....##
#...5#.#.#.#
#....##
#.c@(.(....#
#....##
#....#(#.#.###....#
#...((.(..........#
####.#.#.#....#.###
#..........+.#
#........).### ###
##.(.......# ###.#
#.........#
#######...#
#....###.##


You could see a centaur and a shadow imp (slow).

Vanquished Creatures
  A phantom (D:5)
  3 orc priests
  A jelly (D:5)
  An orc wizard (D:5)
  Jessica (D:3)
  10 adders
  An ooze (D:1)
  2 worms
  2 leopard geckos (D:4)
  17 orcs
  A ball python (D:4)
  7 bats
  5 giant cockroaches
  3 goblins
  4 hobgoblins
  4 jackals
  3 quokkas (D:4)
  A frilled lizard (D:1)
  4 kobolds
  8 rats
79 creatures vanquished.

Vanquished Creatures (others)
  A goblin (D:2)
1 creature vanquished.

Grand Total: 80 creatures vanquished

Notes
Turn   | Place    | Note
-------+----------+-------------------------------------------
     0 | D:1      | erker the Octopode Transmuter began the quest for the Orb.
     0 | D:1      | Reached XP level 1. HP: 13/13 MP: 3/3
   302 | D:1      | Reached XP level 2. HP: 18/18 MP: 5/5
   484 | D:1      | You fall into a shaft and drop 1 floor!
   708 | D:2      | Reached skill level 1 in Stealth
   708 | D:2      | Reached XP level 3. HP: 23/23 MP: 4/6
  1038 | D:2      | Found a shimmering altar of Xom.
  1876 | D:2      | Reached XP level 4. HP: 28/28 MP: 5/7
  1985 | D:2      | Found an ancient bone altar of Kikubaaqudgha.
  1987 | D:2      | Found a snail-covered altar of Cheibriados.
  2222 | D:3      | Learned a level 4 spell: Ice Form
  2241 | D:3      | Found a faded altar of an unknown god.
  2619 | D:2      | Found a radiant altar of Vehumet.
  2640 | D:2      | Reached XP level 5. HP: 33/33 MP: 8/8
  2656 | D:2      | Found a white marble altar of Elyvilon.
  2658 | D:2      | Found a broken altar of Ashenzari.
  2716 | D:3      | Noticed Jessica
  2771 | D:3      | Killed Jessica
  2772 | D:3      | Reached skill level 1 in Ice Magic
  3508 | D:2      | Became a worshipper of Cheibriados the Contemplative
  3550 | D:4      | Found Zajiv's Book Shop.
  3558 | D:4      | Found Zaabol's Antique Weapon Emporium.
  3818 | D:4      | Reached * piety under Cheibriados
  4236 | D:4      | Reached XP level 6. HP: 38/38 MP: 7/9
  4433 | D:4      | Found a bloodstained altar of Trog.
  4607 | D:5      | Entered Level 5 of the Dungeon
  4792 | D:5      | Noticed a black bear
  4850 | D:5      | Noticed a phantom
  4866 | D:5      | Killed a phantom
  4867 | D:5      | Reached XP level 7. HP: 42/43 MP: 8/10
  5076 | D:5      | HP: 1/43 [shadow imp (5)]
  5078 | D:5      | Slain by a shadow imp

Illustrated notes

Levels and vault maps discovered:
D:1:      kilobyte_arrival_exit_the_forest, layout_loops_ring,
          minmay_misc_feat_diagonals, nrook_mini_vaults
D:2:      layout_basic, nicolae_overflow_hidden_temple, fiery_altar_vehumet
D:3:      layout_rooms, chequers_ecumenical_altar_twisty, grunt_decor_arrowhead,
          uniq_jessica
D:4:      layout_loops_ring, serial_shops,
          nicolae_shop_competitors_out_of_business, shop, st_stairs_14,
          trog_butcher_becter
D:5:      layout_basic, serial_glass, glass_columns_a, glass_columns_b

Skill      XL: |  1  2  3  4  5  6 |
---------------+-------------------+-----
Stealth        | 1 2 3 |  3.7
Transmutations | 3 4 |  4.3
Ice Magic      | 3 |  3.4
Unarmed Combat | 4 |  4.0
Fighting       | |  1.0
Throwing       | |  0.3
Dodging        | |  2.2
Spellcasting   | |  2.5

Action                   |  1- 3 |  4- 6 |  7- 9 || total
-------------------------+-------+-------+-------++-------
Melee: Unarmed           |    59 |   116 |     2 ||   177
       Kick              |    11 |    19 |       ||    30
       Constrict         |    17 |    34 |       ||    51
       Tentacles         |    12 |    20 |       ||    32
       Punch             |       |     2 |       ||     2
Throw: Dart              |    10 |    26 |       ||    36
 Cast: Beastly Appendage |    10 |    14 |       ||    24
       Ice Form          |       |     1 |       ||     1
Invok: Bend Time         |       |       |     1 ||     1
  Use: Potion            |       |     1 |     5 ||     6
 Stab: Sleeping          |     6 |    10 |       ||    16
Armor: Skin              |     6 |     7 |       ||    13
Dodge: Dodged            |    23 |    54 |    18 ||    95
